 Dungeon Crawl Stone Soup version 0.21-a0-51-gea492e9 (console) character file.

266 Duffy the Twirler (level 6, -3/32 HPs)
             Began as a Vine Stalker Gladiator on June 12, 2017.
             Slain by an ogre
             ... wielding a +0 giant club
              (15 damage)
             ... on level 3 of the Dungeon.
             The game lasted 00:04:46 (2464 turns).

Duffy the Twirler (Vine Stalker Gladiator)          Turns: 2464, Time: 00:04:47

Health: -3/32      AC: 10    Str: 19    XL:     6   Next: 20%
Magic:  0/16       EV:  9    Int:  8    God:
Gold:   171        SH:  0    Dex: 15    Spells: 5/5 levels left

rFire    . . .     SeeInvis .   a - +0 quarterstaff
rCold    . . .     Gourm    .   (shield currently unavailable)
rNeg     . . .     Faith    .   l - +0 chain mail
rPois    .         Spirit   +   c - +0 helmet
rElec    .         Reflect  .   (no cloak)
rCorr    .         Harm     +   (no gloves)
MR       .....                  m - +0 pair of boots
Stlth    ..........             j - amulet of harm
Regen    0.5/turn               o - ring of magical power
MPRegen  0.2/turn               n - +1 ring of evasion

@: no status effects
A: fangs 2, regeneration 1, magic shield, antimagic bite, no potion heal 3, rot
immunity
a: no special abilities


You were on level 3 of the Dungeon.
You were not hungry.

You visited 1 branch of the dungeon, and saw 4 of its levels.

You collected 171 gold pieces.

Inventory:

Hand Weapons
 a - a +0 quarterstaff (weapon)
Missiles
 d - 3 throwing nets (quivered)
Armour
 c - a +0 helmet (worn)
 l - a +0 chain mail (worn)
 m - a +0 pair of boots (worn)
Jewellery
 j - an amulet of harm (around neck)
 n - a +1 ring of evasion (right hand)
 o - a ring of magical power (left hand)
Scrolls
 k - a scroll of teleportation
 p - a scroll of enchant armour {unknown}
 t - a scroll of noise {unknown}
Potions
 e - a potion of might {unknown}
 g - a potion of resistance
 q - a potion of agility {unknown}
 s - a potion of mutation {unknown}
 u - a potion of ambrosia {unknown}
Comestibles
 b - 16 chunks of flesh
 f - 4 bread rations
 h - 2 fruits
 i - a royal jelly
 r - 2 meat rations


   Skills:
 + Level 3.6 Fighting
 * Level 5.2 Staves
 - Level 1.7 Throwing
 - Level 2.4 Dodging


You had 5 spell levels left.
You didn't know any spells.

Dungeon Overview and Level Annotations

Branches:
Dungeon (4/15)
 Temple: D:4-7

Altars:
Ashenzari
Dithmenos
Elyvilon
Gozag
Hepliaklqana
Kikubaaqudgha
Nemelex Xobeh
Wu Jian


Innate Abilities, Weirdness & Mutations

You have extremely sharp teeth.
Your natural rate of healing is unusually fast.
When hurt, damage is shared between your health and your magic reserves.
Your bite disrupts and absorbs the magic of your enemies.
Potions cannot restore your health.
You are immune to rotting.


Message History

The ogre hits you with a giant club!
You climb upwards.
There is a stone staircase leading down here.
You hit the ogre. Your bite misses the ogre.
The ogre is lightly wounded.
The ogre closely misses you.
You hit the ogre. You bite the ogre, but do no damage.
The ogre is moderately wounded.
The ogre barely misses you.
You hit the ogre. You bite the ogre, but do no damage.
The ogre is moderately wounded.
You hit the ogre but do no damage. You bite the ogre, but do no damage.
The ogre is moderately wounded.
The ogre hits you with a giant club!!
Ouch! That really hurt!
Your chain mail prevents you from hitting the ogre.
Your bite misses the ogre.
The ogre is moderately wounded.
The ogre hits you with a giant club!
You die...

)###.##.#.##.# .#
#....#.##.#### .#
#.####.##....# ##
#.# #.#####.#
#.####.# #.#
####...<#.#####.#
................#
..#######.########
..'............O@#
..################
..# ### ## .#


You could see an ogre.

Vanquished Creatures
  3 orc wizards
  A worker ant (D:3)
  6 adders
  3 worms
  A dart slug (D:2)
  2 leopard geckos (D:1)
  12 orcs
  8 bats
  6 giant cockroaches
  8 goblins
  8 hobgoblins
  4 jackals (D:1)
  11 kobolds
  A quokka (D:3)
  3 ball pythons
  5 frilled lizards
  5 rats
87 creatures vanquished.

Notes
Turn   | Place    | Note
-------+----------+-------------------------------------------
     0 | D:1      | Duffy the Vine Stalker Gladiator began the quest for the Orb.
     0 | D:1      | Reached XP level 1. HP: 11/11 MP: 2/2
   142 | D:1      | Reached skill level 3 in Staves
   153 | D:1      | Reached XP level 2. HP: 10/15 MP: 1/3
   447 | D:1      | Reached XP level 3. HP: 18/18 MP: 4/4
   931 | D:2      | Found an ancient bone altar of Kikubaaqudgha.
   931 | D:2      | Found a shattered altar of Ashenzari.
   951 | D:2      | Gained mutation: Your natural rate of healing is unusually fast. [Vine Stalker growth]
   951 | D:2      | Reached XP level 4. HP: 22/23 MP: 5/5
   974 | D:2      | Found a hazy altar of Hepliaklqana.
   997 | D:2      | Reached skill level 4 in Staves
  1172 | D:2      | Found a sparkling altar of Nemelex Xobeh.
  1210 | D:2      | Found an ornate altar of the Wu Jian Council.
  1365 | D:2      | Found a shadowy altar of Dithmenos.
  1759 | D:2      | Reached XP level 5. HP: 28/28 MP: 6/6
  2054 | D:3      | Found a white marble altar of Elyvilon.
  2146 | D:3      | Found an opulent altar of Gozag.
  2198 | D:3      | Reached skill level 5 in Staves
  2382 | D:4      | Noticed an ogre
  2393 | D:4      | Reached XP level 6. HP: 30/32 MP: 7/7
  2464 | D:3      | Slain by an ogre

Vault maps used:
D:1:      lightli_arrival_flooded_house, serial_bayou_pond_e
D:2:      nemelex_xobeh_ov_fountains_minmay, lemuel_round_altar,
          grunt_temple_overflow_open, kennysheep_flooded_box
D:3:      nicolae_gozag_cash_rules_everything_around_me, elyvilon_altar_4
D:4:      kennysheep_generic_room_6

Skill      XL: |  1  2  3  4  5 |
---------------+----------------+-----
Staves         | 3 4 5 |  5.2
Fighting       | 2 3 |  3.6
Throwing       | |  1.7
Dodging        | |  2.4

Action                   |  1- 3 |  4- 6 || total
-------------------------+-------+-------++-------
Melee: Quarterstaff      |    84 |   166 ||   250
       Bite              |    19 |    50 ||    69
  Use: Scroll            |       |     3 ||     3
  Eat: Chunk             |       |     5 ||     5
Armor: Leather armour    |    21 |       ||    21
       Chain mail        |    17 |    95 ||   112
Dodge: Dodged            |    35 |    77 ||   112
